 Dungeon Crawl Stone Soup version 0.30-a0-292-g0f741e3f8e (webtiles) character file.

Game seed: 11335117942036230216

94 koil the Sneak (level 4, 0/22 HPs)
             Began as a Spriggan Enchanter on Oct 18, 2022.
             Killed by divine providence
             ... invoked by an orc priest
              (15 damage)
             ... on level 3 of the Dungeon.
             The game lasted 00:05:03 (1611 turns).

koil the Sneak (Spriggan Enchanter)                 Turns: 1611, Time: 00:05:04

Health: 0/22       AC:  2    Str: 10    XL:     4   Next: 38%
Magic:  4/10       EV: 18    Int: 16    God:
Gold:   99         SH:  0    Dex: 17    Spells: 4/9 levels left

rFire   . . .      SeeInvis +    a - +1 dagger (speed)
rCold   . . .      Faith    .    (no shield)
rNeg    . . .      Spirit   .    b - +0 robe
rPois   .          Reflect  .    (helmet restricted)
rElec   .          Harm     .    (no cloak)
rCorr   .          Rampage  .    (gloves unavailable)
Will    .....                    (boots unavailable)
Stlth   +++.......               (no amulet)
HPRegen 0.23/turn                g - +6 ring of strength
MPRegen 0.12/turn                q - ring of wizardry

@: very quick
A: very small, no large weapons, unfitting armour, see invisible, speed 3
a: no special abilities


You were on level 3 of the Dungeon.
You visited 1 branch of the dungeon, and saw 3 of its levels.

You collected 99 gold pieces.

Inventory:

Hand Weapons
 a - a +1 dagger of speed (weapon)
 f - a +1 dagger
Missiles
 l - 5 poisoned darts (quivered)
Armour
 b - a +0 robe (worn)
Jewellery
 g - a +6 ring of strength (left hand)
 i - an amulet of guardian spirit
 q - a ring of wizardry (right hand)
Scrolls
 d - a scroll of magic mapping {unknown}
 e - a scroll of brand weapon {unknown}
 h - 3 scrolls of identify {unknown}
 j - 2 scrolls of blinking {unknown}
 k - 2 scrolls of poison {unknown}
 o - a scroll of vulnerability {unknown}
 p - a scroll of immolation {unknown}
 u - a scroll of fear {unknown}
 v - a scroll of teleportation {unknown}
Potions
 c - 2 potions of invisibility
 m - a potion of heal wounds {unknown}
 n - a potion of magic {unknown}
 r - a potion of might {unknown}
 s - a potion of flight {unknown}
 t - 2 potions of mutation {unknown}
 w - a potion of resistance {unknown}


   Skills:
 + Level 1.1 Fighting
 + Level 1.9 Short Blades
 + Level 3.4 Dodging
 + Level 5.2 Stealth
 + Level 3.4 Spellcasting
 + Level 4.2 Hexes


You had 4 spell levels left.
You knew the following spells:

 Your Spells              Type           Power      Damage    Failure   Level
a - Ensorcelled Hibernat  Hex/Ice        18%        N/A       4%          2
b - Confusing Touch       Hex            16%        N/A       4%          3

Your spell library contained the following spells:

 Spells                   Type           Power      Damage    Failure   Level
 Tukima's Dance           Hex            16%        N/A       4%          3
 Beastly Appendage        Tmut           4%         N/A       8%          1
 Dazzling Flash           Conj/Hex       18%        N/A       9%          3
 Portal Projectile        Hex/Tloc       18%        N/A       9%          3
 Wereblood                Tmut           2%         N/A       11%         2
 Call Canine Familiar     Summ           2%         N/A       21%         3
 Leda's Liquefaction      Hex/Erth       4%         N/A       28%         4
 Ignition                 Fire           1%         3d3       100%        8
 Fire Storm               Conj/Fire      1%         7d1       100%        9


Dungeon Overview and Level Annotations

Branches:
Dungeon (3/15)

Altars:

Shops:
D:2 [


Innate Abilities, Weirdness & Mutations

You are very small and have problems with some larger weapons.
You are too small for most types of armour.
You have supernaturally acute eyesight. (SInv)
You cover ground extremely quickly. (Speed+++)


Message History

You hit the orc.
The orc is heavily wounded.
The orc closely misses you.
You hit the orc.
You kill the orc!
You hit the orc priest but do no damage.
You hit the orc priest but do no damage.
The orc priest closely misses you.
You hit the orc priest.
The orc priest is lightly wounded.
The orc priest hits you but does no damage.
Cast which spell? (? or * to list)
Aiming: Ensorcelled Hibernation (safe; 4% risk of failure)
Press: ? - help, Shift-Dir - straight line, f - orc priest
Aim: an orc priest, wielding a +0 dagger of speed and wearing a +0 scale mail (lightly wounded, chance to affect: 43%)
The orc priest resists with some effort.
The orc priest hits you but does no damage.
Casting: Ensorcelled Hibernation (safe; 4% risk of failure)
Confirm with . or Enter, or press ? or * to list all spells.
Aiming: Ensorcelled Hibernation (safe; 4% risk of failure)
Press: ? - help, Shift-Dir - straight line, f/p - orc priest
Aim: an orc priest, wielding a +0 dagger of speed and wearing a +0 scale mail (lightly wounded, chance to affect: 43%)
The orc priest resists with some effort.
The orc priest hits you but does no damage.
The orc priest invokes the aid of Beogh against you.
Pain shoots through your body!
Casting: Ensorcelled Hibernation (safe; 4% risk of failure)
Confirm with . or Enter, or press ? or * to list all spells.
Aiming: Ensorcelled Hibernation (safe; 4% risk of failure)
Press: ? - help, Shift-Dir - straight line, f/p - orc priest
Aim: an orc priest, wielding a +0 dagger of speed and wearing a +0 scale mail (lightly wounded, chance to affect: 43%)
The orc priest resists with some effort.
The orc priest hits you with a +0 dagger of speed.
You hit the orc priest.
The orc priest is lightly wounded.
The orc priest looks encouraged for a moment.
The orc priest calls down the wrath of Beogh upon you.
Beogh smites you!
Ouch! That really hurt!
You die...

..........o...[.
..........# ...####.†###
# .......o.#
#+##############)##
........# #####'##
........# #....o.# #
........# #......# .#
........# #....@.####.#
........# #.[.........##
...)....# #............#
........# #####.........#
#...#######..............
#.#......##........###..
#.######+##........# ..
#.# #...........†# . #.#
#............###...


You could see 2 orc priests.

Vanquished Creatures
  Terence (D:2)
  2 adders
  3 dart slugs
  An orc (D:3)
  An endoplasm (D:1)
  3 giant cockroaches
  4 goblins
  3 hobgoblins (D:1)
  4 jackals (D:2)
  A quokka (D:2)
  3 ball pythons
  5 bats
  4 frilled lizards
  3 kobolds
  6 rats
44 creatures vanquished.

Notes
Turn   | Place    | Note
-------+----------+-------------------------------------------
     0 | D:1      | koil the Spriggan Enchanter began the quest for the Orb.
     0 | D:1      | Reached XP level 1. HP: 9/9 MP: 5/5
   153 | D:1      | Reached XP level 2. HP: 6/13 MP: 6/6
   786 | D:2      | Got Syteits's Papyrus of Changed Incandescence
   806 | D:2      | Reached XP level 3. HP: 17/17 MP: 8/8
   866 | D:2      | Noticed Terence
   873 | D:2      | Killed Terence
   874 | D:2      | Reached skill level 1 in Fighting
   874 | D:2      | Reached skill level 5 in Stealth
   935 | D:2      | Found Hosihu's Armour Shop.
  1130 | D:2      | Reached XP level 4. HP: 8/22 MP: 9/9
  1563 | D:3      | Learned a level 2 spell: Ensorcelled Hibernation
  1567 | D:3      | Learned a level 3 spell: Confusing Touch
  1611 | D:3      | Killed from afar by an orc priest

Illustrated notes

Levels and vault maps discovered:
D:1:      dpeg_arrival_prison, layout_basic
D:2:      layout_basic, serial_shops, shop, hex_intersection, corner_web_ring,
          uniq_terence
D:3:      layout_basic, jmf_multi_god_temple

Skill      XL: |  1  2  3 |
---------------+----------+-----
Spellcasting   | 3 |  3.4
Dodging        | 3 |  3.4
Fighting       | 1 |  1.1
Stealth        | 5 |  5.2
Hexes          | 4 |  4.2
Short Blades   | |  1.9

Action                   |  1- 3 |  4- 6 || total
-------------------------+-------+-------++-------
Melee: Dagger            |    79 |    56 ||   135
       Punch             |       |     1 ||     1
 Cast: Ensorcelled Hiber |       |     3 ||     3
 Stab: Sleeping          |    10 |     6 ||    16
Armor: Robe              |     2 |     4 ||     6
Dodge: Dodged            |    42 |    25 ||    67

Table legend: (Time is in decaauts)
 A = Elapsed time spent in this place.
 B = Non-inter-level travel time spent in this place.
 C = Inter-level travel time spent in this place.
 D = Time resting spent in this place.
 E = Time spent auto-exploring this place.
 F = Levels seen in this place.
 G = Mean time per level.
                   A        B        C        D        E       F      G
               +--------+--------+--------+--------+--------+-----+--------+
         Total |   1069 |   1041 |     28 |      0 |    746 |   3 |  356.3 |
       Dungeon |   1069 |   1041 |     28 |      0 |    746 |   3 |  356.3 |
               +--------+--------+--------+--------+--------+-----+--------+

Top non-repeatable levels by time:
     D:1: 511 daAuts
     D:2: 454 daAuts
     D:3: 102 daAuts
